 Dungeon Crawl Stone Soup version 0.17.2-2-g6415ff710d (console) character file.

2357 Goblin1989 the Prestidigitator (level 9, -7/74 HPs)
             Began as a Deep Dwarf Fighter on May 2, 2020.
             Was a Follower of Makhleb.
             Mangled by a salamander stormcaller
             ... wielding a +0 trident
              (17 damage)
             ... on level 6 of the Dungeon.
             The game lasted 00:20:16 (4677 turns).

Goblin1989 the Prestidigitator (Deep Dwarf Fighter) Turns: 4677, Time: 00:20:17

Health: -7/74      AC:  8    Str: 29    XL:     9   Next: 20%
Magic:  11/11      EV:  7    Int:  8    God:    Makhleb [*.....]
Gold:   25         SH: 10    Dex: 12    Spells: 0 memorised, 8 levels left

rFire  . . .     SeeInvis .     a - +0 war axe
rCold  + . .     Clarity  .     z - +0 scale mail
rNeg   . . .     SustAt   .     q - +0 shield
rPois  .         Gourm    .     (no helmet)
rElec  .         Spirit   .     t - +0 cloak
rCorr  .         Warding  .     (no gloves)
rMut   .         Stasis   .     (no boots)
MR     ++...                    (no amulet)
Stlth  ..........               m - ring of protection from magic
                                c - ring of protection from cold

@: mighty, non-regenerating, very resistant to hostile enchantments, extremely
unstealthy
A: damage resistance, recharge devices, sense surroundings 2, slow regeneration
3
a: Device Recharging, Renounce Religion


You were on level 6 of the Dungeon.
You worshipped Makhleb.
Makhleb was aware of your devotion.
You were not hungry.

You visited 1 branch of the dungeon, and saw 6 of its levels.

You collected 246 gold pieces.
You spent 221 gold pieces at shops.

Inventory:

Hand Weapons
 a - a +0 war axe (weapon)
 b - a +0 hand axe of flaming
 w - a +0 blowgun {@w1}
Missiles
 o - 2 needles of sleeping
 y - 7 curare-tipped needles
Armour
 q - a +0 shield (worn)
 t - a +0 cloak (worn)
 z - a +0 scale mail (worn)
Jewellery
 c - a ring of protection from cold (left hand)
 m - a ring of protection from magic (right hand)
Wands
 h - a wand of heal wounds (3) {@v1, !v}
 B - a wand of digging (12)
Scrolls
 f - 4 scrolls of recharging {unknown}
 i - 8 scrolls of identify {unknown}
 k - 3 scrolls of blinking {unknown}
 l - 3 scrolls of enchant weapon {unknown}
 n - 2 scrolls of enchant armour {unknown}
 r - 2 scrolls of remove curse {unknown}
 v - a scroll of noise {unknown}
 x - 3 scrolls of random uselessness {unknown}
 C - 2 scrolls of fear {unknown}
 T - 2 scrolls of teleportation {@r3, !r}
Potions
 d - 2 potions of might
 g - 3 potions of lignification {unknown}
 j - 2 potions of agility {unknown}
 s - a potion of heal wounds {unknown}
 u - 3 potions of curing {@q1}
 A - a potion of brilliance {unknown}
 E - a potion of invisibility {unknown}
 F - a potion of poison {unknown}
Books
 D - a Young Poisoner's Handbook

   Spells                             Type                      Level
   a - Sting                          Conjuration/Poison           1
   b - Cure Poison                    Poison                       2
   c - Mephitic Cloud                 Conjuration/Poison/Air       3
   d - Olgreb's Toxic Radiance        Poison                       4
   e - Venom Bolt                     Conjuration/Poison           5
Comestibles
 e - 9 bread rations {@e1}
 p - 2 meat rations {@e2}
 G - 9 chunks of flesh


   Skills:
 - Level 2.6 Fighting
 + Level 10.3 Axes
 - Level 3.2 Armour
 - Level 3.2 Shields
 + Level 10.5 Evocations


You had 8 spell levels left.
You didn't know any spells.

Dungeon Overview and Level Annotations

Branches:
Dungeon (6/15)             Temple (0/1) D:6

Altars:
Makhleb
Nemelex Xobeh
Zin
The Shining One

Shops:
D:4 ***((


Innate Abilities, Weirdness & Mutations

You are resistant to damage.
You can recharge devices by infusing magical energy.
You passively map the area around you.
You do not regenerate naturally.


Message History

You slash the giant cockroach!
You kill the giant cockroach!
Makhleb accepts your kill.
You feel better.
You slash the worker ant!
The worker ant is heavily wounded.
The worker ant bites you.
You are poisoned.
The worker ant poisons you!
You take 4 damage, and have 65/74 hp.
You slash the worker ant!
You kill the worker ant!
Makhleb accepts your kill. Something hits you.
Deactivating autopickup; reactivate with Ctrl-A.
Something hits you but does no damage.
You take 4 damage, and have 61/74 hp.
Unknown command.
You miss something. Something hits you but does no damage. Something hits you.
You slice the jelly!!
You kill the jelly!
Makhleb accepts your kill.
You miss something. Something hits you. Something hits you.
Something completely misses you.
There is an open door here.
Things that are here:
a worker ant corpse; a giant cockroach corpse; a jackal corpse You take 3 damage, and have 58/74 hp.
You closely miss something. Something hits you.
You take 2 damage, and have 56/74 hp.
Something hits you but does no damage. x2
Something hits you.
There is an open door here.
Things that are here:
a worker ant corpse; a giant cockroach corpse; a jackal corpse Something hits you but does no damage.
You slash something! Something hits you but does no damage.
You block its attack.
There is an open door here.
Things that are here:
a worker ant corpse; a giant cockroach corpse; a jackal corpse
There is an open door here.
Things that are here:
a worker ant corpse; a giant cockroach corpse; a jackal corpse Something hits you!
You take 6 damage, and have 50/74 hp.
Something hits you but does no damage.
There is an open door here.
Things that are here:
a worker ant corpse; a giant cockroach corpse; a jackal corpse
There is an open door here.
Things that are here:
a worker ant corpse; a giant cockroach corpse; a jackal corpse Something hits you but does no damage.
Something hits you but does no damage.
The salamander stormcaller begins to chant a fire storm spell!
Unknown command.
Unknown command.
Something hits you. x3
You take 9 damage, and have 41/74 hp.
Evoke which item? (* to show all) (? for menu, Esc to quit)
Really evoke
h - a wand of heal wounds (1) {@v1, !v}?
Zapping:
h - a wand of heal wounds (1) {@v1, !v}
Press: ? - help, Shift-Dir - straight line, f - you You feel much better.
This wand has 0 charges left.
You are no longer poisoned.
Something hits you but does no damage. You block its attack.
You regained 32 hp, and now have 73/74 hp.
Unknown command.
You closely miss something.
The salamander stormcaller gestures at you while chanting.
A raging storm of fire appears!
The great blast of fire engulfs you!
The great blast of fire engulfs something.
Reactivating autopickup.
You feel a bit more experienced.
You take 35 damage, and have 38/74 hp.
O_OOPS!!
MASSIVE DAMAGE!!
Unknown command.
You hit the fire vortex.
The fire vortex is moderately damaged.
You slice the fire vortex!!
The fire vortex is severely damaged.
You slash the fire vortex!
The fire vortex is heavily damaged.
You are engulfed in roaring flames.
* * * LOW HITPOINT WARNING * * *
You take 11 damage, and have 27/74 hp.
Drink which item? (? for menu, Esc to quit)
Okay, then.
Evoke which item? (* to show all) (? for menu, Esc to quit)
Okay, then.
Charge which item? (? for menu, Esc to quit)
Your wand of heal wounds (0) {@v1, !v} glows for a moment and now has 3 charges.
You block the fire vortex's attack. The fire vortex hits you.
The fire vortex burns you!
* * * LOW HITPOINT WARNING * * *
The fire vortex dissipates!
The salamander stormcaller hits you from afar with a trident!
* * * LOW HITPOINT WARNING * * *
You are engulfed in flames!!
You die... █████████████████████

█8........∆†........█
█.........█.........█████
█..†......█.........█...█
█........8█.........███.█
████∆██████████████†█ █.█
█....█·· █...§§.§§v█ █.█
█....█ █...§§v§§.█ █.█
█....█ ·· █...§§@§§v█ █.█
∆....█·· █..v§vvv§.█ █.█


██████ · ▲...§§N§§v█ █.█ · ▓····█$........█ █.█ ·█.....v...█ █.█ █.........█ █.█
▓ · · █.........█ █.█ █████████∆█ █.█ █ · ·· █.█ You could see a salamander
stormcaller.

Vanquished Creatures
  Sigmund (D:2)
  A steam dragon (D:6)
  Eustachio (D:6)
  The ghost of Alipheese the Caller, an amateur NaSu (D:4)
  An orc warrior (D:6)
  2 ice beasts
  2 ogres (D:6)
  2 centaurs
  3 giant frogs
  A killer bee (D:6)
  A quasit (D:5)
  2 jellies
  A giant frog skeleton (D:4)
  A hound (D:4)
  Crazy Yiuf (D:3)
  Ijyb (D:2)
  2 orc priests
  5 orc wizards
  Jessica (D:3)
  Terence (D:3)
  4 worker ants
  A killer bee zombie (D:5)
  A gnoll (D:1)
  7 adders
  3 shadow imps
  An ooze (D:5)
  3 adder skeletons
  2 worms
  2 giant geckos
  15 orcs
  7 giant cockroaches
  6 hobgoblins
  11 jackals
  16 kobolds
  2 quokkas
  A ball python skeleton (D:4)
  10 bats
  7 giant newts
  6 goblins
  5 rats
141 creatures vanquished.

Vanquished Creatures (others)
  An unseen horror (D:6)
  A fire vortex (D:6)
2 creatures vanquished.

Grand Total: 143 creatures vanquished

Notes
Turn   | Place    | Note
--------------------------------------------------------------
     0 | D:1      | Goblin1989 the Deep Dwarf Fighter began the quest for the Orb.
     0 | D:1      | Reached XP level 1. HP: 20/20 MP: 1/1
   235 | D:1      | Reached XP level 2. HP: 25/27 MP: 2/2
   606 | D:1      | Found a glowing golden altar of the Shining One.
   620 | D:1      | Reached XP level 3. HP: 33/33 MP: 3/3
   874 | D:2      | Reached skill level 4 in Axes
  1034 | D:2      | Noticed Sigmund
  1082 | D:2      | Killed Sigmund
  1082 | D:2      | Reached skill level 5 in Axes
  1082 | D:2      | Reached XP level 4. HP: 33/40 MP: 2/5
  1082 | D:2      | Reached XP level 5. HP: 37/46 MP: 2/6
  1440 | D:2      | Noticed Ijyb
  1451 | D:2      | Killed Ijyb
  1589 | D:3      | Noticed an ice beast
  1595 | D:3      | Killed an ice beast
  1595 | D:3      | Reached skill level 6 in Axes
  1595 | D:3      | Reached XP level 6. HP: 34/55 MP: 8/8
  1622 | D:3      | Noticed Crazy Yiuf
  1629 | D:3      | Killed Crazy Yiuf
  1871 | D:3      | Noticed Jessica
  1873 | D:3      | Reached skill level 5 in Evocations
  1911 | D:3      | Reached XP level 7. HP: 45/61 MP: 10/10
  1917 | D:3      | Killed Jessica
  2135 | D:3      | Noticed Terence
  2135 | D:3      | Reached skill level 7 in Axes
  2149 | D:3      | Killed Terence
  2194 | D:3      | Found a glowing silver altar of Zin.
  2197 | D:3      | Found a sparkling altar of Nemelex Xobeh.
  2197 | D:3      | Found a burning altar of Makhleb.
  2441 | D:4      | Found Waaph's Assorted Antiques.
  2444 | D:4      | Noticed Alipheese's ghost (amateur NaSu)
  2492 | D:4      | Killed Alipheese's ghost
  2506 | D:4      | Bought a bubbling yellow potion for 23 gold pieces
  2506 | D:4      | Bought a scroll labeled UPEWKY PAUTY for 26 gold pieces
  2506 | D:4      | Bought a scroll labeled RAETUR VATY for 26 gold pieces
  2532 | D:4      | Found Ilyrrunu's General Store.
  2538 | D:4      | Bought a potion of curing for 33 gold pieces
  2556 | D:4      | Found a burning altar of Makhleb.
  2567 | D:4      | Became a worshipper of Makhleb the Destroyer
  2655 | D:4      | Found Niurgh's Weapon Emporium.
  2663 | D:4      | Bought a +0 hand axe of flaming for 74 gold pieces
  2695 | D:4      | Found Somaqasm's Antique Weapon Shoppe.
  2933 | D:4      | Found Hywid's General Store.
  2941 | D:4      | Bought a scroll of teleportation for 39 gold pieces
  3168 | D:5      | Entered Level 5 of the Dungeon
  3462 | D:5      | Reached skill level 8 in Axes
  3717 | D:5      | Reached XP level 8. HP: 37/68 MP: 11/11
  3996 | D:6      | Noticed Eustachio
  4053 | D:6      | Killed Eustachio
  4123 | D:6      | Found a staircase to the Ecumenical Temple.
  4186 | D:6      | Reached * piety under Makhleb
  4186 | D:6      | Reached skill level 9 in Axes
  4616 | D:6      | Reached skill level 10 in Evocations
  4616 | D:6      | Gained mutation: You passively map the area around you. [Deep Dwarf growth]
  4616 | D:6      | Reached XP level 9. HP: 62/74 MP: 12/12
  4637 | D:6      | Noticed a salamander stormcaller
  4649 | D:6      | Reached skill level 10 in Axes
  4675 | D:6      | Killed an unseen horror
  4677 | D:6      | Mangled by a salamander stormcaller

Action                   |  1- 3 |  4- 6 |  7- 9 || total
-------------------------+-------+-------+-------++-------
Melee: War axe           |    94 |   132 |   357 ||   583
 Abil: Device Recharging |     1 |       |     4 ||     5
Evoke: Wand              |     6 |     3 |    10 ||    19
  Use: Potion            |     2 |       |     2 ||     4
  Eat: Chunk             |       |     3 |     4 ||     7
       Beef jerky        |       |       |     1 ||     1
       Meat ration       |       |       |     1 ||     1

Vault maps used:
D:1:      lightli_iron_boxes, roderic_serpentine_path, tso_metal_star
D:2:      grunt_ministairs_11, uniq_sigmund, uniq_iyjb
D:3:      nicolae_overflow_hidden_temple, first_bread, uniq_crazy_yiuf_cottage,
          uniq_jessica, uniq_terence
D:4:      serial_shops, nicolae_shop_trees, shop,
          nicolae_shop_overgrown_old_shop, nicolae_shop_window_shopping,
          nicolae_shop_crystal, makhleb_blood_cavern_becter
D:6:      minmay_klotski, minmay_temple_entry_glassed_door, uniq_eustachio
